 Dungeon Crawl Stone Soup version 0.28-b1-25-g9875b3fc8c (webtiles) character file.

Game seed: 4648186520752393217

10015 sanboga the Cleaver (level 11, -1/71 HPs)
             Began as a Gargoyle Fighter on Feb 1, 2022.
             Was a Believer of Trog.
             Slain by a wolf spider (shapeshifter) (17 damage)
             ... on level 9 of the Dungeon.
             The game lasted 00:29:34 (11173 turns).

sanboga the Cleaver (Gargoyle Fighter)             Turns: 11173, Time: 00:29:35

Health: -1/71      AC: 18    Str: 20    XL:     11   Next: 55%
Magic:  11/11      EV:  6    Int: 15    God:    Trog [**....]
Gold:   528        SH: 14    Dex: 21    Spells: 10/10 levels left

rFire   . . .      SeeInvis +   a - +1 war axe
rCold   . . .      Faith    .   d - +2 buckler "Fustruba" {*Slow Will+++ Regen+ Str-4}
rNeg    + + .      Spirit   .   v - +0 plate armour
rPois   ∞          Reflect  +   (no helmet)
rElec   +          Harm     .   (no cloak)
rCorr   .          Rampage  +   o - +0 pair of gloves "Veyshra" {Rampage rElec Str-3 Dex+9}
Will    +++..                   (no boots)
Stlth   ..........              i - amulet of reflection
HPRegen 1.01/turn               r - ring of Xaxuneh {rN+ Str+3 Int+6 Dex+3}
MPRegen 0.12/turn               t - ring of see invisible

@: on berserk cooldown, slowed, studying Bows, very slow
A: sickness immunity, AC +8, negative energy resistance 1, electricity
resistance, torment resistance 1, petrification resistance, deformed body, no
potion heal 1
a: Renounce Religion, Berserk, Trog's Hand


You were on level 9 of the Dungeon.
You worshipped Trog.
Trog was pleased with you.
You visited 2 branches of the dungeon, and saw 10 of its levels.

You collected 528 gold pieces.

Inventory:

Hand Weapons
 a - a +1 war axe (weapon)
 k - a +0 broad axe of distortion
Armour
 d - the +2 buckler "Fustruba" (worn) {*Slow Will+++ Regen+ Str-4}
   (You took it off a gnoll sergeant on level 7 of the Dungeon)

   Str:       It affects your strength (-4).
   Regen:     It increases your rate of health regeneration.
   *Slow:     It may slow you when you take damage.
   Will:      It greatly increases your willpower.
 o - the +0 pair of gloves "Veyshra" (worn) {Rampage rElec Str-3 Dex+9}
   (You found it on level 7 of the Dungeon)

   Str:       It affects your strength (-3).
   Dex:       It affects your dexterity (+9).
   rElec:     It insulates you from electricity.
   Rampage:   It bestows one free step when moving towards enemies.
 v - a +0 plate armour (worn)
Jewellery
 e - a ring of fire
 i - an amulet of reflection (around neck)
 r - the ring of Xaxuneh (left hand) {rN+ Str+3 Int+6 Dex+3}
   (You took it off a gnoll sergeant on level 7 of the Dungeon)

   [ring of intelligence]

   Str:       It affects your strength (+3).
   Int:       It affects your intelligence (+6).
   Dex:       It affects your dexterity (+3).
   rN:        It protects you from negative energy.
 t - a ring of see invisible (right hand)
Wands
 q - a wand of mindburst (14)
 s - a wand of acid (8)
 u - a wand of flame (20)
 w - a wand of polymorph (10)
Scrolls
 b - 3 scrolls of enchant armour
 l - 3 scrolls of fog
 m - 6 scrolls of teleportation
 n - 3 scrolls of fear
 p - a scroll of blinking
 A - a scroll of noise {unknown}
Potions
 c - 2 potions of haste {unknown}
 f - 2 potions of brilliance {unknown}
 g - a potion of berserk rage
 h - a potion of ambrosia
 x - a potion of magic {unknown}
 z - a potion of degeneration {unknown}


   Skills:
 + Level 9.5 Fighting
 * Level 10.5 Axes
 + Level 9.5 Armour
 + Level 9.5 Shields


You had 10 spell levels left.
You didn't know any spells.
Your spell library contained the following spells:

 Spells                   Type           Power      Damage    Failure   Level
 Animate Skeleton         Necr           0%         N/A       99%         1
 Apportation              Tloc           0%         N/A       99%         1
 Magic Dart               Conj           0%         1d3       99%         1
 Summon Small Mammal      Summ           0%         N/A       99%         1
 Call Imp                 Summ           0%         N/A       100%        2
 Mephitic Cloud           Conj/Pois/Air  0%         N/A       100%        3
 Tukima's Dance           Hex            0%         N/A       100%        3
 Anguish                  Hex/Necr       0%         N/A       100%        4
 Animate Armour           Summ/Erth      0%         N/A       100%        4
 Blade Hands              Tmut           0%         N/A       100%        5
 Iron Shot                Conj/Erth      0%         9d1       100%        6
 Enfeeble                 Hex            0%         N/A       100%        7


Dungeon Overview and Level Annotations

Branches:
Dungeon (9/15)             Temple (1/1) D:7            Lair (0/6) D:9
    Orc (0/2) D:9

Altars:
Ashenzari
Cheibriados
Dithmenos
Elyvilon
Fedhas
Gozag
Hepliaklqana
Kikubaaqudgha
Makhleb
Nemelex Xobeh
Okawaru
Qazlal
Ru
Sif Muna
Trog
Uskayaw
Vehumet
Wu Jian
Xom
Yredelemnul
Zin
The Shining One

Shops:
D:4 [   D:8 =

Annotations:
D:9 chmiii's ghost, novice HOMo


Innate Abilities, Weirdness & Mutations

You are immune to sickness and miasma.
Your stone body is resilient. (AC +8)
You are immune to poison.
You resist negative energy. (rN+)
You are resistant to electric shocks. (rElec)
You are resistant to unholy torment.
You are immune to petrification.
Armour fits poorly on your strangely shaped body.
Potions are less effective at restoring your health.


Message History

The sea snake changes into a wolf spider!
You barely miss the wolf spider. The wolf spider hits you!
You block the wolf spider's attack.
You barely miss the wolf spider. You block the wolf spider's attack.
The wolf spider completely misses you.
The wolf spider hits you but does no damage.
The wolf spider barely misses you. You block the wolf spider's attack.
The wolf spider bites you.
You're still recovering from your berserk rage.
You closely miss the wolf spider. The wolf spider barely misses you.
You block the wolf spider's attack.
The wolf spider hits you but does no damage.
The wolf spider bites you but does no damage.
You closely miss the wolf spider.
The wolf spider hits you but does no damage.
The wolf spider bites you. You block the wolf spider's attack.
The wolf spider bites you!
You slash the wolf spider!
The wolf spider is lightly wounded.
You block the wolf spider's attack. x2
The wolf spider hits you but does no damage.
The wolf spider bites you but does no damage.
You hit the wolf spider.
The wolf spider is moderately wounded.
The wolf spider hits you. You block the wolf spider's attack.
The wolf spider hits you! You block the wolf spider's attack.
The wolf spider hits you. The wolf spider bites you.
You slash the wolf spider!
The wolf spider is heavily wounded.
You block the wolf spider's attack. The wolf spider closely misses you.
The wolf spider barely misses you. The wolf spider bites you!
* * * LOW HITPOINT WARNING * * *
You barely miss the wolf spider.
The wolf spider is heavily wounded.
The wolf spider hits you!
* * * LOW HITPOINT WARNING * * *
You block the wolf spider's attack. x2; The wolf spider barely misses you.
Your system partially rejects the healing.
You feel better. The wolf spider hits you!
You die...

...# #..##.†...#.....#,#.....))).
...####.##.#.#.#.....#,#.########
.#.#.....'.#(..'|"...#,*,*<,.$.RY
.#.##.####.#.#.#)....#,*,*,,$.$cD
##.##..# #.....#.....#,*,*,,?):[.
##.###'###########'###,*,*,,.|)$$
##.#.....##}..*#.##..#,*,*,,)[}$c
...#.###.#,,#..#..##.#...#,.$)?$$
#..#..)[.#,**#.s@#.#(#...#.$.$.$.
#..#.###)#,,#|.#.##..#...#>.$.$.$
#..#.....##).)*#..##.#...########
##.###'###############...........
#.#.#.}.#.#.#.#.....#..##..#...#
#.#....##.#.#.#.⌠.⌠.#..........#
#.##(..)'.#.#.'..8..'.######.#.#
#.#(..#†#.#†#.#.⌠.⌠.#.##.....#.#
#.#.#...#.....#.....#..#.#.#.#.#


You could see a wolf spider shaped shifter.

Vanquished Creatures
  Harold (D:8)
  A centaur warrior (D:9)
  Erica (D:8)
  Pikel (D:7)
  A moth of wrath (D:9)
  A cyclops (D:9)
  The ghost of JJisdabomb the Slasher, a novice DsFi (D:7)
  Psyche (D:8)
  A troll (D:9)
  Sigmund (D:3)
  A shadow (D:9)
  8 yaks
  A wyvern (D:7)
  Grum (D:7)
  2 basilisks (D:9)
  Menkaure (D:6)
  A water moccasin (D:7)
  4 orc warriors
  2 black bears
  2 sky beasts (D:7)
  The ghost of Duder the Skirmisher, an amateur MiBe of Trog (D:3)
  An ice beast (D:8)
  3 centaurs
  An ogre (D:4)
  2 necrophages
  3 wolves (D:7)
  2 lemures (D:7)
  A kobold brigand (D:6)
  5 bullfrogs
  A wyvern zombie (D:5)
  5 gnoll sergeants
  15 wights
  A howler monkey (D:9)
  2 centaur zombies
  3 orc priests
  A hound (D:3)
  2 jellies
  3 centaur skeletons
  2 gnoll shamans
  12 orc wizards
  2 howler monkey zombies (D:9)
  15 gnolls
  4 adders
  2 hound simulacra (D:3)
  A white imp (D:3)
  2 worms
  2 adder simulacra (D:3)
  19 orcs
  8 endoplasms
  3 giant cockroaches
  7 hobgoblins
  11 jackals
  2 quokkas
  7 ball pythons
  3 bats
  2 frilled lizards
  A giant cockroach simulacrum (D:3)
  7 goblins
  8 kobolds
  A quokka simulacrum (D:3)
  6 rats
212 creatures vanquished.

Vanquished Creatures (others)
  A gnoll (D:7)
  6 plants (D:7)
7 creatures vanquished.

Grand Total: 219 creatures vanquished

Notes
Turn   | Place    | Note
-------+----------+-------------------------------------------
     0 | D:1      | sanboga the Gargoyle Fighter began the quest for the Orb.
     0 | D:1      | Reached XP level 1. HP: 14/14 MP: 1/1
   132 | D:1      | Reached skill level 2 in Axes
   132 | D:1      | Reached XP level 2. HP: 15/19 MP: 2/2
   446 | D:1      | Found a faded altar of an unknown god.
   558 | D:1      | Reached XP level 3. HP: 21/23 MP: 3/3
   769 | D:2      | Found a basalt altar of Yredelemnul.
   872 | D:2      | Reached XP level 4. HP: 28/29 MP: 4/4
  1257 | D:3      | Found an ancient bone altar of Kikubaaqudgha.
  1555 | D:3      | Noticed Sigmund
  1567 | D:3      | Killed Sigmund
  1568 | D:3      | Reached skill level 3 in Axes
  1568 | D:3      | Reached XP level 5. HP: 24/34 MP: 5/5
  1568 | D:3      | Reached XP level 6. HP: 28/39 MP: 6/6
  1691 | D:3      | Found a runed translucent gate.
  1691 | D:3      | Found a runed translucent gate.
  1691 | D:3      | Found a runed translucent gate.
  1720 | D:3      | Noticed Duder's ghost (amateur MiBe)
  1814 | D:3      | Killed Duder's ghost
  1815 | D:3      | Reached skill level 4 in Axes
  2654 | D:4      | Found Urem's Armour Emporium.
  2846 | D:5      | Entered Level 5 of the Dungeon
  2862 | D:4      | Reached XP level 7. HP: 39/44 MP: 7/7
  2905 | D:5      | Reached skill level 5 in Shields
  2915 | D:5      | Reached skill level 5 in Fighting
  3002 | D:5      | Reached skill level 5 in Armour
  3464 | D:4      | Reached skill level 5 in Axes
  3582 | D:5      | Reached XP level 8. HP: 50/50 MP: 8/8
  4874 | D:6      | Noticed Menkaure
  4898 | D:6      | Killed Menkaure
  4899 | D:6      | Reached skill level 6 in Axes
  5586 | D:7      | Noticed Pikel
  5586 | D:7      | Gained mutation: Potions are less effective at restoring
                  | your health. [potion of mutation]
  5586 | D:7      | Gained mutation: Armour fits poorly on your strangely
                  | shaped body. [potion of mutation]
  5590 | D:7      | Noticed a wyvern
  5601 | D:7      | Killed a wyvern
  5602 | D:7      | Reached XP level 9. HP: 56/56 MP: 9/9
  5602 | D:7      | Killed Pikel
  5603 | D:7      | Reached skill level 7 in Axes
  5709 | D:7      | Found a staircase to the Ecumenical Temple.
  5745 | Temple   | Entered the Ecumenical Temple
  6127 | Temple   | Became a worshipper of Trog the Wrathful
  6324 | D:7      | Identified the +0 pair of gloves "Veyshra" {Rampage rElec
                  | Str-3 Dex+9}
  6399 | D:7      | Identified the +1 ring mail of the Villain {+Blink rC- rN+}
  6399 | D:7      | Identified the +2 buckler "Fustruba" {*Slow Will+++ Regen+
                  | Str-4}
  6696 | D:7      | Noticed JJisdabomb's ghost (novice DsFi)
  6697 | D:7      | Identified the ring of Xaxuneh {rN+ Str+3 Int+6 Dex+3}
  6742 | D:7      | Found a transporter.
  6744 | D:7      | Noticed Grum
  6747 | D:7      | Found a transporter.
  7380 | D:8      | Noticed Psyche
  7710 | D:8      | Killed Psyche
  7866 | D:8      | Reached skill level 8 in Axes
  7905 | D:8      | Reached XP level 10. HP: 55/63 MP: 10/10
  7906 | D:8      | Reached * piety under Trog
  8103 | D:8      | Noticed Erica
  8137 | D:8      | Killed Erica
  8809 | D:8      | Found Ahok's Jewellery Emporium.
  8848 | D:8      | Noticed Harold
  8870 | D:8      | Killed Harold
  8871 | D:8      | Reached skill level 9 in Axes
  9261 | D:9      | Noticed a moth of wrath
  9489 | D:7      | Killed Grum
  9972 | D:7      | Killed JJisdabomb's ghost
 10377 | D:9      | Noticed chmiii's ghost (novice HOMo)
 10377 | D:9      | Noticed a tengu warrior
 10400 | D:9      | Noticed a two-headed ogre
 10426 | D:8      | Reached XP level 11. HP: 33/69 MP: 11/11
 10521 | D:9      | Found a transporter.
 10524 | D:9      | Found a transporter.
 10525 | D:9      | Found a bloodstained altar of Trog.
 10541 | D:9      | Reached ** piety under Trog
 10617 | D:9      | Killed a moth of wrath
 10618 | D:9      | Reached skill level 10 in Axes
 10840 | D:9      | Noticed a deep elf pyromancer
 10840 | D:9      | Noticed a catoblepas
 10840 | D:9      | Noticed a centaur warrior
 10840 | D:9      | Noticed a centaur warrior
 10841 | D:9      | Noticed a centaur warrior
 10841 | D:9      | Noticed a white ugly thing
 10880 | D:9      | Noticed a centaur warrior
 10881 | D:9      | Identified the +1 chain mail of an ice cave {rElec}
 11084 | D:9      | Noticed a centaur warrior
 11097 | D:9      | Killed a centaur warrior
 11128 | D:9      | Noticed a cyclops
 11137 | D:9      | Killed a cyclops
 11159 | D:9      | Found the +9 heavy crossbow "Sniper" {vorpal, Acc+∞ SInv}
 11160 | D:9      | Noticed a sea snake
 11164 | D:9      | Noticed a wolf spider
 11164 | D:9      | a sea snake changed into a wolf spider
 11173 | D:9      | Slain by a wolf spider (shapeshifter)

Illustrated notes

Levels and vault maps discovered:
D:1:      nzn_arrival_depleted_hourglass, layout_rooms,
          ebering_ecumenical_altar_rust, minmay_crystal_room,
          minmay_pentomino_w2
D:2:      layout_rooms, basic_altar
D:3:      layout_loops_ring, overflow_temple_1_default, gammafunk_ghost_icy,
          uniq_sigmund
D:4:      layout_basic, serial_shops, shop
D:5:      layout_cave_pods, kennysheep_donut, grunt_decor_fettered
D:6:      layout_basic, minmay_misc_feat_diagonals, uniq_menkaure
D:7:      layout_layer_cave, minmay_temple_entry_ruins,
          gammafunk_ghost_gnarly_gnolls, minmay_holes, uniq_pikel
D:8:      layout_basic, serial_shops, nicolae_shop_trees, uniq_psyche,
          uniq_harold, uniq_erica
D:9:      minmay_the_grid_square_5x5_3x3 [minmay_the_grid_square_5x5_shrine1,
          minmay_the_grid_square_5x5_three, minmay_the_grid_square_5x5_mess,
          minmay_the_grid_square_5x5_z,
          minmay_the_grid_square_5x5_megaprize_diamond,
          minmay_the_grid_square_5x5_eight, minmay_the_grid_square_5x5_empty,
          minmay_the_grid_square_5x5_meh, minmay_the_grid_square_5x5_detours],
          layout_basic, gammafunk_ghost_wrathful_warriors, minivault_12
Temple:   mainiacjoe_temple_trianglar_array

Skill      XL: |  1  2  3  4  5  6  7  8  9 10 11 |
---------------+----------------------------------+-----
Axes           | 2 3 4 5 6 8 9 10 | 10.5
Fighting       | 4 5 6 7 8 9 |  9.5
Shields        | 4 5 6 7 8 9 |  9.5
Armour         | 4 5 6 7 8 9 |  9.5

Action                   |  1- 3 |  4- 6 |  7- 9 | 10-12 || total
-------------------------+-------+-------+-------+-------++-------
Melee: War axe           |    92 |   125 |   262 |   327 ||   806
Invok: Berserk           |       |       |       |     4 ||     4
  Use: Scroll            |     2 |     4 |     7 |     2 ||    15
       Potion            |       |     2 |     4 |     2 ||     8
Armor: Scale mail        |    56 |     2 |       |       ||    58
       Chain mail        |       |    68 |    86 |       ||   154
       Plate armour      |       |       |    59 |   169 ||   228
       Skin              |       |       |     2 |       ||     2
Dodge: Dodged            |    52 |    41 |    62 |    72 ||   227
Block: Buckler           |    21 |    65 |   135 |   267 ||   488
       Reflection        |       |       |     1 |       ||     1
